 Dungeon Crawl Stone Soup version 0.31-a0-983-g7b6862f502 (webtiles) character file.

Game seed: 2033698932144363189

613 gruber the Slasher (level 7, -3/35 HPs)
             Began as a Vine Stalker Fighter on Nov 2, 2023.
             Slain by an ogre
             ... wielding a +0 giant club
              (17 damage)
             ... on level 5 of the Dungeon.
             The game lasted 00:02:48 (3230 turns).

gruber the Slasher (Vine Stalker Fighter)           Turns: 3230, Time: 00:02:48

Health: -3/35      AC:  7    Str: 19    XL:     7   Next: 44%
Magic:  0/8        EV:  9    Int:  8    God:
Gold:   299        SH:  5    Dex: 15    Spells: 6/6 levels left

rFire   . . .        a - +0 long sword
rCold   . . .        c - +0 buckler
rNeg    . . .        b - +0 scale mail
rPois   +            (no helmet)
rElec   .            (no cloak)
rCorr   .            (no gloves)
SInv    .            g - +0 pair of boots
Will    .....        (no amulet) Stlth
                     e - ring of flight
HPRegen 1.05/turn    l - ring of poison resistance
MPRegen 0.11/turn

%: guardian spirit
@: flying
A: fangs 2, regeneration 1, magic shield, antimagic bite, no potion heal 2
a: no special abilities


You were on level 5 of the Dungeon.
You visited 1 branch of the dungeon, and saw 5 of its levels.

You collected 299 gold pieces.

Inventory:

Hand Weapons
 a - a +0 long sword (weapon)
Missiles
 i - 2 curare-tipped darts
Armour
 b - a +0 scale mail (worn)
 c - a +0 buckler (worn)
 g - a +0 pair of boots (worn)
Jewellery
 e - a ring of flight (left hand)
 l - a ring of poison resistance (right hand)
 w - a ring of willpower
Scrolls
 j - a scroll of revelation {unknown}
 k - 3 scrolls of teleportation {unknown}
 m - a scroll of silence {unknown}
 n - 4 scrolls of identify {unknown}
 o - 2 scrolls of amnesia {unknown}
 q - a scroll of vulnerability {unknown}
 s - a scroll of noise {unknown}
Potions
 d - 2 potions of might
 f - 2 potions of magic {unknown}
 h - 3 potions of enlightenment {unknown}
 p - a potion of berserk rage {unknown}
 r - 3 potions of curing {unknown}
 t - a potion of heal wounds {unknown}
 u - 2 potions of lignification {unknown}
 v - a potion of brilliance {unknown}


   Skills:
 - Level 2.6 Fighting
 + Level 7.1 Long Blades
 - Level 2.4 Armour
 + Level 1.4 Dodging
 - Level 2.6 Shields


You had 6 spell levels left.
You didn't know any spells.
Your spell library contained the following spells:

 Spells                   Type           Power      Damage    Failure   Level
 Apportation              Tloc           0%         N/A       86%         1
 Magic Dart               Conj           0%         1d3       86%         1
 Necrotise                Necr           0%         1d4       86%         1
 Summon Small Mammal      Summ           0%         N/A       86%         1
 Call Imp                 Summ           0%         N/A       94%         2
 Inner Flame              Hex/Fire       0%         N/A       99%         3
 Mephitic Cloud           Conj/Pois/Air  0%         N/A       99%         3
 Flame Wave               Conj/Fire      0%         2d4       100%        4
 Sticky Flame             Conj/Fire      0%         2d3       100%        4


Dungeon Overview and Level Annotations

Branches:
Dungeon (5/15)             Temple (0/1) D:5

Altars:
Nemelex Xobeh

Shops:
D:5 :

Annotations:
D:3 3 runed translucent doors, Cris's ghost, amateur DsFi; senseless's ghost, amateur DsSh
D:5 3 runed translucent doors


Innate Abilities, Weirdness & Mutations

You have extremely sharp teeth.
Your natural rate of healing is unusually fast.
When hurt, damage is shared between your health and your magic reserves.
Your bite disrupts and absorbs the magic of your enemies.
Potions cannot restore your health.


Message History

The iguana is heavily wounded.
The iguana bites you!
An iguana is nearby!
You slash the iguana!
You kill the iguana!
Key pressed, stopping explore.
No target in view!
h - 3 bubbling blue potions (gained 1)
The killer bee buzzes angrily.
The killer bee buzzes angrily. x3
The killer bee buzzes angrily.
Key pressed, stopping explore.
No target in view!
Found a sling.
No target in view!
Found a stone staircase leading up.
No target in view!
There is an open door here.
An ogre comes into view. It is wielding a +0 giant club.
The ogre shouts!
An ogre is nearby!
The ogre hits you with a +0 giant club.
There is a stone staircase leading up here.
An ogre is nearby!
An ogre is nearby!
You hit the ogre but do no damage. You bite the ogre. You drain its power.
You feel invigorated.
The ogre is lightly wounded.
The ogre hits you with a +0 giant club!!
Ouch! That really hurt!
You are too injured to fight recklessly!
An ogre is nearby!
You are too injured to fight recklessly!
You are too injured to fight recklessly!
You hit the ogre. You bite the ogre. You drain its power.
You feel invigorated.
The ogre is moderately wounded.
You barely miss the ogre. You bite the ogre, but do no damage.
The ogre is moderately wounded.
The ogre hits you with a +0 giant club!!
You die...

##### #...## #######
########.#..# .......
#...#....#..### .......
#)..#....#..#..
.......###.......###...#
.........'.......#)#....
........##...#...#+#...#
.......@........##.##..#
##.##.#O..#.##..#yyy#..#
# .......#.#..##..y##..
#....######..##.....##.
#.... .# .....yy## .....
## ##.. ##+# ##.#.
#####.ss ..# /#..ss
)#..ss


You could see an ogre.

Vanquished Creatures
  Sigmund (D:3)
  A scorpion (D:4)
  2 orc priests (D:4)
  3 iguanas (D:5)
  2 orc wizards
  4 gnolls
  7 adders
  3 dart slugs
  8 orcs
  5 bats
  11 endoplasms
  4 giant cockroaches
  5 goblins
  9 hobgoblins
  6 jackals
  8 kobolds
  5 quokkas
  9 ball pythons
  3 frilled lizards
  5 rats
101 creatures vanquished.

Notes
Turn   | Place    | Note
-------+----------+-------------------------------------------
     0 | D:1      | gruber the Vine Stalker Fighter began the quest for the
                  | Orb.
     0 | D:1      | Reached XP level 1. HP: 11/11 MP: 2/2
   117 | D:1      | Reached skill level 2 in Long Blades
   285 | D:1      | Reached XP level 2. HP: 16/16 MP: 3/3
   544 | D:1      | Reached skill level 3 in Long Blades
   545 | D:1      | Reached XP level 3. HP: 18/19 MP: 4/4
  1038 | D:2      | Reached XP level 4. HP: 18/23 MP: 3/5
  1269 | D:2      | Reached skill level 4 in Long Blades
  1783 | D:3      | Found a runed translucent gate.
  1784 | D:3      | Found a runed translucent gate.
  1784 | D:3      | Found a runed translucent gate.
  1784 | D:3      | Noticed Cris's ghost (amateur DsFi)
  1784 | D:3      | Noticed senseless's ghost (amateur DsSh)
  1817 | D:3      | Noticed Sigmund
  1829 | D:3      | Killed Sigmund
  1830 | D:3      | Reached skill level 5 in Long Blades
  1830 | D:3      | Reached XP level 5. HP: 21/27 MP: 2/6
  1830 | D:3      | Reached XP level 6. HP: 25/32 MP: 2/7
  2136 | D:4      | Reached skill level 1 in Dodging
  2143 | D:4      | Reached skill level 6 in Long Blades
  2217 | D:4      | Found a sparkling altar of Nemelex Xobeh.
  2526 | D:4      | Reached XP level 7. HP: 22/35 MP: 8/8
  2956 | D:5      | Entered Level 5 of the Dungeon
  3026 | D:5      | Found Xeotir's Book Shop.
  3078 | D:5      | Reached skill level 7 in Long Blades
  3116 | D:5      | Found a staircase to the Ecumenical Temple.
  3125 | D:5      | Found a runed translucent gate.
  3134 | D:5      | Found a runed translucent door.
  3134 | D:5      | Noticed a redback
  3134 | D:5      | Noticed a redback
  3135 | D:5      | Found a runed translucent gate.
  3142 | D:5      | Found the +9 staff of Olgreb {rPois∞}
  3230 | D:5      | Slain by an ogre

Illustrated notes

Levels and vault maps discovered:
D:1:      co_arrival_square_in_a_square_in_a_square, layout_basic,
          serial_bayou_lagoon_a, ebering_dispersal_statue_hall,
          hangedman_decor_clover_reticule, hex_large
D:2:      layout_loops_ring
D:3:      layout_basic, gammafunk_ghost_cemetery, kennysheep_donut, uniq_sigmund
D:4:      layout_basic, nemelex_xobeh_ov_fountains_minmay
D:5:      layout_basic, minmay_temple_entry_slanted, serial_shops, shop_statue,
          minmay_guarded_unrand_staff_of_olgreb

Skill      XL: |  1  2  3  4  5  6  7 |
---------------+----------------------+-----
Long Blades    | 2 3 5 6 7 |  7.1
Dodging        | 1 |  1.4
Fighting       | |  2.6
Armour         | |  2.4
Shields        | |  2.6

Action                     |  1- 3 |  4- 6 |  7- 9 || total
---------------------------+-------+-------+-------++-------
  Melee: Long sword        |    95 |   151 |    48 ||   294
         Bite              |    19 |    35 |    17 ||    71
 Armour: Scale mail        |    76 |   101 |    20 ||   197
  Dodge: Dodged            |    44 |    67 |    20 ||   131
  Block: Buckler           |    22 |    37 |    12 ||    71

Table legend: (Time is in decaauts)
 A = Elapsed time spent in this place.
 B = Non-inter-level travel time spent in this place.
 C = Inter-level travel time spent in this place.
 D = Time resting spent in this place.
 E = Time spent auto-exploring this place.
 F = Levels seen in this place.
 G = Mean time per level.
                   A        B        C        D        E       F      G
               +--------+--------+--------+--------+--------+-----+--------+
         Total |   3289 |   3155 |    134 |      0 |   2457 |   5 |  657.8 |
       Dungeon |   3289 |   3155 |    134 |      0 |   2457 |   5 |  657.8 |
               +--------+--------+--------+--------+--------+-----+--------+

Top non-repeatable levels by time:
     D:1: 892 daAuts
     D:4: 834 daAuts
     D:2: 672 daAuts
     D:3: 612 daAuts
     D:5: 276 daAuts
